Workbook

Sheet Product Hierarchy
A4: Business Unit | B4: U-W
A5: Year | B5: 2012
A6: Data View | B6: Actual Period
A7: ID Dom Exp Text | B7: Domestic
A8: SMU Article Overall Market | B8: All
A9: Reporting Currency | B9: EUR
A10: ID Ext Int Text | B10: External
A11: SMU Article Brand | B11: (Multiple Items)
A12: Main Article Status | B12: All
A13: Company Code Hierarchies | B13: PORTUGAL
A14: Packaging Material Cluster | B14: All
A16: SMU Article Material Number | B16: SMU Article Material | C16: SMU Article IDH Product Hierarchy | D16: 3 Net External Sales | E16: 18a Gross Profit 1 | F16: SMU Article Umbrella Brand | G16: SMU Article Overall Market | H16: Main Article Promopack | I16: Main Article Single Mixed | J16: Main Article Display Article | K16: SMU Article Aesthetics Color Text | L16: SMU Article Base Performance
A17: 1674745 | B17: Alguidar 12L MIK | C17: Liquid 1,25 l | D17: 0 | E17: -0.72 | F17: =VLOOKUP(A:A,Brand!A17:D462,3,(FALSE)) -> Sonasol | G17: =VLOOKUP(A17,Brand!A17:D462,4,(FALSE)) -> Hard Surface Cleaner | H17: =IFERROR(VLOOKUP(A17,Type!A16:E462,3,(FALSE))," ") -> PROM | I17: =IFERROR(VLOOKUP(A17,Type!A16:E462,4,(FALSE))," ") -> #N/A | J17: =IFERROR(VLOOKUP(A17,Type!A16:E462,5,(FALSE))," ") -> #N/A | K17: in dieser spalte soll im blatt 'Formulation' die spalte C erscheinen.. Danke! | L17: =IFERROR(VLOOKUP(A17,Formulation!A16:D462,4,(FALSE))," ")
A18: 1674748 | B18: Balde espremedor MIK | C18: Liquid 1,25 l | D18: 0 | E18: -0.72 | F18: =VLOOKUP(A:A,Brand!A18:D463,3,(FALSE)) -> Sonasol | G18: =VLOOKUP(A18,Brand!A18:D463,4,(FALSE)) -> Hard Surface Cleaner | H18: =IFERROR(VLOOKUP(A18,Type!A17:E463,3,(FALSE))," ") -> PROM | I18: =IFERROR(VLOOKUP(A18,Type!A17:E463,4,(FALSE))," ") -> #N/A | J18: =IFERROR(VLOOKUP(A18,Type!A17:E463,5,(FALSE))," ") -> #N/A | K18: =IFERROR(VLOOKUP(A17,Formulation!A17:D463,3,FALSE),"D") -> D | L18: =IFERROR(VLOOKUP(A18,Formulation!A17:D463,4,(FALSE))," ")
A19: 1351461 | B19: Barco Colossus | C19: Ammoniac 1 l | D19: 0 | E19: -1.23 | F19: =VLOOKUP(A:A,Brand!A19:D464,3,(FALSE)) -> Sonasol | G19: =VLOOKUP(A19,Brand!A19:D464,4,(FALSE)) -> Hard Surface Cleaner | H19: =IFERROR(VLOOKUP(A19,Type!A18:E464,3,(FALSE))," ") -> PROM | I19: =IFERROR(VLOOKUP(A19,Type!A18:E464,4,(FALSE))," ") -> SINGLE | J19: =IFERROR(VLOOKUP(A19,Type!A18:E464,5,(FALSE))," ") -> No display | K19: =IFERROR(VLOOKUP(A18,Formulation!A18:D464,3,FALSE),"D") -> D | L19: =IFERROR(VLOOKUP(A19,Formulation!A18:D464,4,(FALSE))," ")
A20: 1519758 | B20: Calculadora Casio | C20: Ammoniac 1,4 l | D20: 0 | E20: -11.1 | F20: =VLOOKUP(A:A,Brand!A20:D465,3,(FALSE)) -> Sonasol | G20: =VLOOKUP(A20,Brand!A20:D465,4,(FALSE)) -> Hard Surface Cleaner | H20: =IFERROR(VLOOKUP(A20,Type!A19:E465,3,(FALSE))," ") -> PROM | I20: =IFERROR(VLOOKUP(A20,Type!A19:E465,4,(FALSE))," ") -> #N/A | J20: =IFERROR(VLOOKUP(A20,Type!A19:E465,5,(FALSE))," ") -> #N/A | K20: =IFERROR(VLOOKUP(A19,Formulation!A19:D465,3,FALSE),"D") -> D | L20: =IFERROR(VLOOKUP(A20,Formulation!A19:D465,4,(FALSE))," ")
A21: 1464488 | B21: CARDBOARD DISPLAY SUPPORT | C21: Pine 60 ml | D21: 0 | E21: -0.35 | F21: =VLOOKUP(A:A,Brand!A21:D466,3,(FALSE)) -> Sonasol | G21: =VLOOKUP(A21,Brand!A21:D466,4,(FALSE)) -> Total WC Care | H21: =IFERROR(VLOOKUP(A21,Type!A20:E466,3,(FALSE))," ") -> PROM | I21: =IFERROR(VLOOKUP(A21,Type!A20:E466,4,(FALSE))," ") -> #N/A | J21: =IFERROR(VLOOKUP(A21,Type!A20:E466,5,(FALSE))," ") -> #N/A | K21: =IFERROR(VLOOKUP(A20,Formulation!A20:D466,3,FALSE),"D") -> D | L21: =IFERROR(VLOOKUP(A21,Formulation!A20:D466,4,(FALSE))," ")
A22: 1656315 | B22: Cartaz - Lavar e ganhar AUCHAN | C22: Persil Universal Gel LSPL | D22: 0 | E22: -15.77 | F22: =VLOOKUP(A:A,Brand!A22:D467,3,(FALSE)) -> Persil/Le Chat | G22: =VLOOKUP(A22,Brand!A22:D467,4,(FALSE)) -> Heavy Duty Detergents | H22: =IFERROR(VLOOKUP(A22,Type!A21:E467,3,(FALSE))," ") -> PROM | I22: =IFERROR(VLOOKUP(A22,Type!A21:E467,4,(FALSE))," ") -> #N/A | J22: =IFERROR(VLOOKUP(A22,Type!A21:E467,5,(FALSE))," ") -> #N/A | K22: =IFERROR(VLOOKUP(A21,Formulation!A21:D467,3,FALSE),"D") -> D | L22: =IFERROR(VLOOKUP(A22,Formulation!A21:D467,4,(FALSE))," ")
A23: 1656208 | B23: Cartaz - Lavar e poupar SONAE | C23: Persil Universal Gel LSPL | D23: 0 | E23: -4.05 | F23: =VLOOKUP(A:A,Brand!A23:D468,3,(FALSE)) -> Persil/Le Chat | G23: =VLOOKUP(A23,Brand!A23:D468,4,(FALSE)) -> Heavy Duty Detergents | H23: =IFERROR(VLOOKUP(A23,Type!A22:E468,3,(FALSE))," ") -> PROM | I23: =IFERROR(VLOOKUP(A23,Type!A22:E468,4,(FALSE))," ") -> #N/A | J23: =IFERROR(VLOOKUP(A23,Type!A22:E468,5,(FALSE))," ") -> #N/A | K23: =IFERROR(VLOOKUP(A22,Formulation!A22:D468,3,FALSE),"D") -> D | L23: =IFERROR(VLOOKUP(A23,Formulation!A22:D468,4,(FALSE))," ")
A24: 1729962 | B24: Cartaz A1 Accao Natal | C24: Liquid 1,25 l | D24: 0 | E24: -3.21 | F24: =VLOOKUP(A:A,Brand!A24:D469,3,(FALSE)) -> Sonasol | G24: =VLOOKUP(A24,Brand!A24:D469,4,(FALSE)) -> Hard Surface Cleaner | H24: =IFERROR(VLOOKUP(A24,Type!A23:E469,3,(FALSE))," ") -> PROM | I24: =IFERROR(VLOOKUP(A24,Type!A23:E469,4,(FALSE))," ") -> #N/A | J24: =IFERROR(VLOOKUP(A24,Type!A23:E469,5,(FALSE))," ") -> #N/A | K24: =IFERROR(VLOOKUP(A23,Formulation!A23:D469,3,FALSE),"D") -> D | L24: =IFERROR(VLOOKUP(A24,Formulation!A23:D469,4,(FALSE))," ")
A25: 1668191 | B25: Cartaz Detective | C25: Gel 32 scoops | D25: 0 | E25: -33.32 | F25: =VLOOKUP(A:A,Brand!A25:D470,3,(FALSE)) -> Persil/Le Chat | G25: =VLOOKUP(A25,Brand!A25:D470,4,(FALSE)) -> Heavy Duty Detergents | H25: =IFERROR(VLOOKUP(A25,Type!A24:E470,3,(FALSE))," ") -> PROM | I25: =IFERROR(VLOOKUP(A25,Type!A24:E470,4,(FALSE))," ") -> #N/A | J25: =IFERROR(VLOOKUP(A25,Type!A24:E470,5,(FALSE))," ") -> #N/A | K25: =IFERROR(VLOOKUP(A24,Formulation!A24:D470,3,FALSE),"D") -> D | L25: =IFERROR(VLOOKUP(A25,Formulation!A24:D470,4,(FALSE))," ")
A26: 1694424 | B26: Cartaz Expositor Persil Black | C26: Liquid 1,25 l | D26: 0 | E26: -43.5 | F26: =VLOOKUP(A:A,Brand!A26:D471,3,(FALSE)) -> Sonasol | G26: =VLOOKUP(A26,Brand!A26:D471,4,(FALSE)) -> Hard Surface Cleaner | H26: =IFERROR(VLOOKUP(A26,Type!A25:E471,3,(FALSE))," ") -> PROM | I26: =IFERROR(VLOOKUP(A26,Type!A25:E471,4,(FALSE))," ") -> #N/A | J26: =IFERROR(VLOOKUP(A26,Type!A25:E471,5,(FALSE))," ") -> #N/A | K26: =IFERROR(VLOOKUP(A25,Formulation!A25:D471,3,FALSE),"D") -> D | L26: =IFERROR(VLOOKUP(A26,Formulation!A25:D471,4,(FALSE))," ")
A27: 1725078 | B27: Cartaz Feira Dia | C27: Liquid 1,25 l | D27: 0 | E27: -5.55 | F27: =VLOOKUP(A:A,Brand!A27:D472,3,(FALSE)) -> Sonasol | G27: =VLOOKUP(A27,Brand!A27:D472,4,(FALSE)) -> Hard Surface Cleaner | H27: =IFERROR(VLOOKUP(A27,Type!A26:E472,3,(FALSE))," ") -> PROM | I27: =IFERROR(VLOOKUP(A27,Type!A26:E472,4,(FALSE))," ") -> #N/A | J27: =IFERROR(VLOOKUP(A27,Type!A26:E472,5,(FALSE))," ") -> #N/A | K27: =IFERROR(VLOOKUP(A26,Formulation!A26:D472,3,FALSE),"D") -> D | L27: =IFERROR(VLOOKUP(A27,Formulation!A26:D472,4,(FALSE))," ")
A28: 1692437 | B28: Cartaz Momento SNS 2012 | C28: Liquid 1,25 l | D28: 0 | E28: -5.31 | F28: =VLOOKUP(A:A,Brand!A28:D473,3,(FALSE)) -> Sonasol | G28: =VLOOKUP(A28,Brand!A28:D473,4,(FALSE)) -> Hard Surface Cleaner | H28: =IFERROR(VLOOKUP(A28,Type!A27:E473,3,(FALSE))," ") -> PROM | I28: =IFERROR(VLOOKUP(A28,Type!A27:E473,4,(FALSE))," ") -> #N/A | J28: =IFERROR(VLOOKUP(A28,Type!A27:E473,5,(FALSE))," ") -> #N/A | K28: =IFERROR(VLOOKUP(A27,Formulation!A27:D473,3,FALSE),"D") -> D | L28: =IFERROR(VLOOKUP(A28,Formulation!A27:D473,4,(FALSE))," ")
A29: 1686901 | B29: Cartaz Persil Black | C29: Gel 32 scoops | D29: 0 | E29: -12.29 | F29: =VLOOKUP(A:A,Brand!A29:D474,3,(FALSE)) -> Persil/Le Chat | G29: =VLOOKUP(A29,Brand!A29:D474,4,(FALSE)) -> Heavy Duty Detergents | H29: =IFERROR(VLOOKUP(A29,Type!A28:E474,3,(FALSE))," ") -> PROM | I29: =IFERROR(VLOOKUP(A29,Type!A28:E474,4,(FALSE))," ") -> #N/A | J29: =IFERROR(VLOOKUP(A29,Type!A28:E474,5,(FALSE))," ") -> #N/A | K29: =IFERROR(VLOOKUP(A28,Formulation!A28:D474,3,FALSE),"D") -> D | L29: =IFERROR(VLOOKUP(A29,Formulation!A28:D474,4,(FALSE))," ")
... A462: 1535935 | B462: XTRA TOTAL AMAC CONC TERM 1,5L | C462: AT Thermal 1,5 l | D462: 30542.916 | E462: 7637.8939 | F462: =VLOOKUP(A:A,Brand!A462:D907,3,(FALSE)) -> X-tra | G462: =VLOOKUP(A462,Brand!A462:D907,4,(FALSE)) -> Fabric Finisher | H462: =IFERROR(VLOOKUP(A462,Type!A461:E907,3,(FALSE))," ") -> STD | I462: =IFERROR(VLOOKUP(A462,Type!A461:E907,4,(FALSE))," ") -> SINGLE | J462: =IFERROR(VLOOKUP(A462,Type!A461:E907,5,(FALSE))," ") -> No display | K462: =IFERROR(VLOOKUP(A461,Formulation!A461:D907,3,FALSE),"D") -> D | L462: =IFERROR(VLOOKUP(A462,Formulation!A461:D907,4,(FALSE))," ")

Sheet Brand
A4: Business Unit | B4: U-W
A5: Year | B5: 2012
A6: Data View | B6: Actual Period
A7: ID Dom Exp Text | B7: Domestic
A8: SMU Article Overall Market | B8: All
A9: Reporting Currency | B9: EUR
A10: ID Ext Int Text | B10: External
A11: SMU Article Brand | B11: (Multiple Items)
A12: Main Article Status | B12: All
A13: Company Code Hierarchies | B13: PORTUGAL
A14: Packaging Material Cluster | B14: All
A16: SMU Article Material Number | B16: SMU Article Material | C16: SMU Article Umbrella Brand | D16: SMU Article Overall Market
A17: 1674745 | B17: Alguidar 12L MIK | C17: Sonasol | D17: Hard Surface Cleaner
A18: 1674748 | B18: Balde espremedor MIK | C18: Sonasol | D18: Hard Surface Cleaner
A19: 1351461 | B19: Barco Colossus | C19: Sonasol | D19: Hard Surface Cleaner
A20: 1519758 | B20: Calculadora Casio | C20: Sonasol | D20: Hard Surface Cleaner
A21: 1464488 | B21: CARDBOARD DISPLAY SUPPORT | C21: Sonasol | D21: Total WC Care
A22: 1656315 | B22: Cartaz - Lavar e ganhar AUCHAN | C22: Persil/Le Chat | D22: Heavy Duty Detergents
A23: 1656208 | B23: Cartaz - Lavar e poupar SONAE | C23: Persil/Le Chat | D23: Heavy Duty Detergents
A24: 1729962 | B24: Cartaz A1 Accao Natal | C24: Sonasol | D24: Hard Surface Cleaner
A25: 1668191 | B25: Cartaz Detective | C25: Persil/Le Chat | D25: Heavy Duty Detergents
A26: 1694424 | B26: Cartaz Expositor Persil Black | C26: Sonasol | D26: Hard Surface Cleaner
A27: 1725078 | B27: Cartaz Feira Dia | C27: Sonasol | D27: Hard Surface Cleaner
A28: 1692437 | B28: Cartaz Momento SNS 2012 | C28: Sonasol | D28: Hard Surface Cleaner
... A462: 1535935 | B462: XTRA TOTAL AMAC CONC TERM 1,5L | C462: X-tra | D462: Fabric Finisher

Sheet Type
A4: Business Unit | B4: U-W
A5: Year | B5: 2012
A6: Data View | B6: Actual Period
A7: ID Dom Exp Text | B7: Domestic
A8: SMU Article Overall Market | B8: All
A9: Reporting Currency | B9: EUR
A10: ID Ext Int Text | B10: External
A11: SMU Article Brand | B11: (Multiple Items)
A12: Main Article Status | B12: All
A13: Company Code Hierarchies | B13: PORTUGAL
A14: Packaging Material Cluster | B14: All
A16: SMU Article Material Number | B16: SMU Article Material | C16: Main Article Promopack | D16: Main Article Single Mixed | E16: Main Article Display Article
A17: 1674745 | B17: Alguidar 12L MIK | C17: PROM | D17: #N/A | E17: #N/A
A18: 1674748 | B18: Balde espremedor MIK | C18: PROM | D18: #N/A | E18: #N/A
A19: 1351461 | B19: Barco Colossus | C19: PROM | D19: SINGLE | E19: No display
A20: 1519758 | B20: Calculadora Casio | C20: PROM | D20: #N/A | E20: #N/A
A21: 1464488 | B21: CARDBOARD DISPLAY SUPPORT | C21: PROM | D21: #N/A | E21: #N/A
A22: 1656315 | B22: Cartaz - Lavar e ganhar AUCHAN | C22: PROM | D22: #N/A | E22: #N/A
A23: 1656208 | B23: Cartaz - Lavar e poupar SONAE | C23: PROM | D23: #N/A | E23: #N/A
A24: 1729962 | B24: Cartaz A1 Accao Natal | C24: PROM | D24: #N/A | E24: #N/A
A25: 1668191 | B25: Cartaz Detective | C25: PROM | D25: #N/A | E25: #N/A
A26: 1694424 | B26: Cartaz Expositor Persil Black | C26: PROM | D26: #N/A | E26: #N/A
A27: 1725078 | B27: Cartaz Feira Dia | C27: PROM | D27: #N/A | E27: #N/A
A28: 1692437 | B28: Cartaz Momento SNS 2012 | C28: PROM | D28: #N/A | E28: #N/A
... A462: 1535935 | B462: XTRA TOTAL AMAC CONC TERM 1,5L | C462: STD | D462: SINGLE | E462: No display

Sheet Formulation
A4: Business Unit | B4: U-W
A5: Year | B5: 2012
A6: Data View | B6: Actual Period
A7: ID Dom Exp Text | B7: Domestic
A8: SMU Article Overall Market | B8: All
A9: Reporting Currency | B9: EUR
A10: ID Ext Int Text | B10: External
A11: SMU Article Brand | B11: (Multiple Items)
A12: Main Article Status | B12: All
A13: Company Code Hierarchies | B13: PORTUGAL
A14: Packaging Material Cluster | B14: All
A16: SMU Article Material Number | B16: SMU Article Material | C16: SMU Article Aesthetics Color Text | D16: SMU Article Base Performance
A17: 1674745 | B17: Alguidar 12L MIK | C17: #N/A | D17: #N/A
A18: 1674748 | B18: Balde espremedor MIK | C18: #N/A | D18: #N/A
A19: 1351461 | B19: Barco Colossus | C19: #N/A | D19: #N/A
A20: 1519758 | B20: Calculadora Casio | C20: #N/A | D20: #N/A
A21: 1464488 | B21: CARDBOARD DISPLAY SUPPORT | C21: #N/A | D21: #N/A
A22: 1656315 | B22: Cartaz - Lavar e ganhar AUCHAN | C22: #N/A | D22: #N/A
A23: 1656208 | B23: Cartaz - Lavar e poupar SONAE | C23: #N/A | D23: #N/A
A24: 1729962 | B24: Cartaz A1 Accao Natal | C24: #N/A | D24: #N/A
A25: 1668191 | B25: Cartaz Detective | C25: #N/A | D25: #N/A
A26: 1694424 | B26: Cartaz Expositor Persil Black | C26: #N/A | D26: #N/A
A27: 1725078 | B27: Cartaz Feira Dia | C27: #N/A | D27: #N/A
... A462: 1535935 | B462: XTRA TOTAL AMAC CONC TERM 1,5L | C462: light brown | D462: FFI, Fabric Softener, 11%, EQ-type for concentrates

Sheet Container
A4: Business Unit | B4: U-W
A5: Year | B5: 2012
A6: Data View | B6: Actual Period
A7: ID Dom Exp Text | B7: Domestic
A8: SMU Article Overall Market | B8: All
A9: Reporting Currency | B9: EUR
A10: ID Ext Int Text | B10: External
A11: SMU Article Brand | B11: (Multiple Items)
A12: Main Article Status | B12: All
A13: Company Code Hierarchies | B13: PORTUGAL
A14: Packaging Material Cluster | B14: Container | C14: <------
A16: SMU Article Material Number | B16: SMU Article Material | C16: Standard Size | D16: Brimful Volume | E16: Color of appearance
A17: 1005099 | B17: SNS LOICAS LIMAO 720ML 16UD | C17: PDB-750/PDBSL-750 | D17: 800 ml | E17: #N/A
A18: 1017552 | B18: SNS WC DA AQUA+REC PREÇO BOM 7UD | C18: WCDA-30 | D18: #N/A | E18: #N/A
A19: 1017553 | B19: SNS WC DA LIRIOS ORIG+REC 7UD | C19: WCDA-30 | D19: #N/A | E19: #N/A
A20: 1017573 | B20: SNS WC DA PINHO+REC PREÇO BOM 7UD | C20: WCDA-30 | D20: #N/A | E20: #N/A
A21: 1017611 | B21: SNS WC DA LIMAO + REC PREÇO BOM 7UD | C21: WCDA-30 | D21: #N/A | E21: #N/A
A22: 1022580 | B22: SNS MAGIC ROSAS E JASMIM 1L5 8U | C22: CAN-1500 | D22: 1.676 ml | E22: nature
A23: 1094399 | B23: SNS CASA DE BANHO 700ML 16UD | C23: CAN-750 | D23: 849 ml | E23: white
A24: 1094400 | B24: SNS CASA DE BANHO 1400ML 8UD | C24: CAN-1500 | D24: 1.676 ml | E24: white
A25: 1094411 | B25: SNS GEL LIXIVIA 700ML 16UD | C25: CAN-750 | D25: 849 ml | E25: white
A26: 1094413 | B26: SNS GEL LIXIVIA 1400ML 8UD | C26: CAN-1500 | D26: 1.676 ml | E26: white
A27: 1140192 | B27: COMPLETO PARQUET 1L 5UD | C27: CAN-1000 | D27: 1.150 ml | E27: white
A28: 1140193 | B28: COMPLETO MOSAICOS 1L 5UD | C28: CAN-1000 | D28: 1.150 ml | E28: white
... A344: 708449 | B344: SNS WC DA AQUA DUPLO REFILL 8UD | C344: WCDA-30 | D344: #N/A | E344: #N/A

Sheet Closure
A4: Business Unit | B4: U-W
A5: Year | B5: 2012
A6: Data View | B6: Actual Period
A7: ID Dom Exp Text | B7: Domestic
A8: SMU Article Overall Market | B8: All
A9: Reporting Currency | B9: EUR
A10: ID Ext Int Text | B10: External
A11: SMU Article Brand | B11: (Multiple Items)
A12: Main Article Status | B12: All
A13: Company Code Hierarchies | B13: PORTUGAL
A14: Packaging Material Cluster | B14: Closure | C14: <------
A16: SMU Article Material Number | B16: SMU Article Material | C16: Standard Size | D16: Brimful Volume | E16: Color of appearance
A17: 1005099 | B17: SNS LOICAS LIMAO 720ML 16UD | C17: PPS-35/5 | D17: #N/A | E17: red
A18: 1017553 | B18: SNS WC DA LIRIOS ORIG+REC 7UD | C18: #N/A | D18: #N/A | E18: nature
C19: WCDA-30 | D19: #N/A | E19: transparent
C20: WCBA-L | D20: #N/A | E20: nature
A21: 1017573 | B21: SNS WC DA PINHO+REC PREÇO BOM 7UD | C21: #N/A | D21: #N/A | E21: nature
C22: WCDA-30 | D22: #N/A | E22: transparent
C23: WCBA-L | D23: #N/A | E23: nature
A24: 1022580 | B24: SNS MAGIC ROSAS E JASMIM 1L5 8U | C24: #N/A | D24: 31,2 ml | E24: white transparent
A25: 1094399 | B25: SNS CASA DE BANHO 700ML 16UD | C25: CCS-30H | D25: 30 ml | E25: blue
A26: 1094400 | B26: SNS CASA DE BANHO 1400ML 8UD | C26: CCS-30H | D26: 30 ml | E26: blue
A27: 1094411 | B27: SNS GEL LIXIVIA 700ML 16UD | C27: CCS-30H | D27: 30 ml | E27: blue
A28: 1094413 | B28: SNS GEL LIXIVIA 1400ML 8UD | C28: CCS-30H | D28: 30 ml | E28: blue
A29: 1140192 | B29: COMPLETO PARQUET 1L 5UD | C29: CC40 | D29: 40 ml/41,1 ml | E29: blue
A30: 1140193 | B30: COMPLETO MOSAICOS 1L 5UD | C30: CC40 | D30: 40 ml/41,1 ml | E30: blue
A31: 1140194 | B31: COMPLETO PEDRAS 1L 5UD | C31: CC40 | D31: 40 ml/41,1 ml | E31: blue
A32: 1146106 | B32: NEUTREX DELICADA TWIST 1L9 6UD | C32: TW110 | D32: #N/A | E32: blue
A33: 1152122 | B33: SNS WC 3ACTIVE SILVESTRE 8UD | C33: WCDA-30 | D33: #N/A | E33: transparent
C34: WC3A | D34: #N/A | E34: white
E35: nature
A36: 1152123 | B36: SNS WC 3ACTIVE PRIMAVERA 8UD | C36: WCDA-30 | D36: #N/A | E36: transparent
C37: WC3A | D37: #N/A | E37: white
E38: nature
A39: 1155486 | B39: NEUTREX OXYGENO 0K512 + 20% | C39: BPW1180 | D39: #N/A | E39: blue
A40: 1155764 | B40: SNS OXIG ACTIVO 1250ML 12UD | C40: #N/A | D40: #N/A | E40: #N/A
A41: 1168364 | B41: SNS WC JUMBO AQUA 750ML 10UD | C41: WCE-750 | D41: #N/A | E41: #N/A
A42: 1168365 | B42: SNS WC JUMBO PINHO 750ML 10UD | C42: WCE-750 | D42: #N/A | E42: #N/A
A43: 1264446 | B43: SNS OXIG ACTIVO SPRAY 700ML 8UD | C43: #N/A | D43: #N/A | E43: #N/A
C44: OpAd | D44: #N/A | E44: transparent
C45: OpAd-SOF | D45: #N/A | E45: blue
A46: 1268073 | B46: PERSIL POWERGEL 36D '09 4UD | C46: #N/A | D46: #N/A | E46: #N/A
C47: CC85 | D47: 85 ml | E47: nature
C48: #N/A | D48: #N/A | E48: red
A49: 1268074 | B49: PERSIL COLORGEL 36D '09 4UD | C49: #N/A | D49: #N/A | E49: #N/A
C50: CC85 | D50: 85 ml | E50: nature
C51: #N/A | D51: #N/A | E51: red
A52: 1268076 | B52: PERSIL SAB A&B GEL 36D '09 4UD | C52: #N/A | D52: #N/A | E52: #N/A
C53: CC85 | D53: 85 ml | E53: nature
C54: #N/A | D54: #N/A | E54: red
A55: 1268080 | B55: PERSIL SAB A&B GEL 58D '09 3UD | C55: #N/A | D55: #N/A | E55: #N/A
C56: CC85 | D56: 85 ml | E56: nature
C57: #N/A | D57: #N/A | E57: red
A58: 1283315 | B58: SNS AMON SABAO NATURAL 0L7 16UD | C58: CCS-30H | D58: 30 ml | E58: yellow
A59: 1283316 | B59: SNS AMONIACAL 1L4 12UD | C59: CCS-30H | D59: 30 ml | E59: yellow
A60: 1285375 | B60: SNS AMONIACAL 1L8 8UD | C60: CCS-30H | D60: 30 ml | E60: yellow
A61: 1322240 | B61: SNS COZINHA 0L7 16UD | C61: CCS-30H | D61: 30 ml | E61: transparent
A62: 1322341 | B62: SNS PH NEUTRO 0L75 16UD | C62: #N/A | D62: 31,2 ml | E62: blue
A63: 1322342 | B63: SNS PH NEUTRO 1L5 8UD | C63: #N/A | D63: 31,2 ml | E63: blue
A64: 1322343 | B64: SNS COZINHA 1L4 8UD | C64: CCS-30H | D64: 30 ml | E64: transparent
A65: 1322345 | B65: SNS MAGIC VERDE 0L75 16UD | C65: #N/A | D65: 31,2 ml | E65: white transparent
A66: 1322346 | B66: SNS MAGIC VERDE 1L5 8UD | C66: #N/A | D66: 31,2 ml | E66: white transparent
A67: 1327055 | B67: X-TRA AMAC CONC TERM 1,5L 8UD | C67: TW70 | D67: #N/A | E67: gold
A68: 1327056 | B68: X-TRA AMAC CONC REFR 1,5L 8UD | C68: TW70 | D68: #N/A | E68: gold
A69: 1327057 | B69: X-TRA AMAC CONC AZUL 1,5L 8UD | C69: TW70 | D69: #N/A | E69: white
... A77: 1407643 | B77: SNS WC DA LAVANDA ORIGINAL 8UD | C77: #N/A | D77: #N/A | E77: nature
C78: WCDA-30 | D78: #N/A | E78: transparent
C79: WCBA-L | D79: #N/A | E79: nature
A80: 1409908 | B80: PERSIL ACTICPOWER UNIV 27D 6UD | C80: #N/A | D80: #N/A | E80: #N/A
C81: #N/A | D81: 60 ml | E81: nature
C82: #N/A | D82: 60 ml | E82: red
A83: 1409909 | B83: PERSIL ACTICPOWER COLOR 27D 6UD | C83: #N/A | D83: #N/A | E83: #N/A
C84: #N/A | D84: 60 ml | E84: nature
C85: #N/A | D85: 60 ml | E85: red
A86: 1418879 | B86: SONASOL WC PODERACTV AQUA 10UD | C86: WC-SVR | D86: #N/A | E86: nature
A87: 1419192 | B87: SONASOL WC PODERACTV PINHO 10UD | C87: WC-SVR | D87: #N/A | E87: nature
A88: 1426740 | B88: SNS WC CASA BANHO 8UD | C88: CSL25 | D88: #N/A | E88: dark blue
A89: 1430080 | B89: SNS WC DA LAV DUPLO REFILL 8UD | C89: WCDA-30 | D89: #N/A | E89: transparent
C90: WCBA-L | D90: #N/A | E90: nature
A91: 1440071 | B91: Persil Color Gel 65D 3UD | C91: #N/A | D91: #N/A | E91: #N/A
C92: CC85 | D92: 85 ml | E92: nature
C93: #N/A | D93: #N/A | E93: red
A94: 1448502 | B94: PERSIL HIG PUREZA GEL 65D 3UD | C94: #N/A | D94: #N/A | E94: #N/A
C95: CC85 | D95: 85 ml | E95: nature
C96: #N/A | D96: #N/A | E96: red
A97: 1450480 | B97: X-TRA AMAC CONC DELIC 1,95L 6UD | C97: TW70 | D97: #N/A | E97: white
A98: 1456623 | B98: SNS MAGIC 1L5 MIX CAM+ALO 8UD | C98: #N/A | D98: 31,2 ml | E98: white transparent
A99: 1456624 | B99: SNS OXI+BRIL 1L25 MIX 8UD | C99: #N/A | D99: #N/A | E99: #N/A
C100: CC20H | D100: 20,4 ml | E100: silver
A101: 1475679 | B101: PERSIL ACTICPW UNIV DUPLO 6UD | C101: #N/A | D101: #N/A | E101: #N/A
C102: #N/A | D102: 60 ml | E102: nature
C103: #N/A | D103: 60 ml | E103: red
A104: 1475680 | B104: PERSIL ACTICPW COLOR DUPLO 6UD | C104: #N/A | D104: #N/A | E104: #N/A
C105: #N/A | D105: 60 ml | E105: nature
C106: #N/A | D106: 60 ml | E106: red
A107: 1478047 | B107: X-TRA ALOE VERA GEL 40D '10 | C107: CC85 | D107: 85 ml | E107: yellow
A108: 1483229 | B108: X-TRA TOTAL GEL 40D STD'10 | C108: CC85 | D108: 85 ml | E108: #N/A
A109: 1484251 | B109: SONASOL BRILHANTE 1L25X2 6UD | C109: CC20H | D109: 20,4 ml | E109: silver
A110: 1501642 | B110: SNS ACTIV PLUS 1L25 12UD | C110: PPS-36/3 | D110: #N/A | E110: yellow
A111: 1506407 | B111: SNS OXI 1250ML GARG 12UD | C111: #N/A | D111: #N/A | E111: #N/A
...
